 Dungeon Crawl Stone Soup version 0.31-a0-846-gb3bcc0d938 (webtiles) character file.

Game seed: 9768829118111006388

7 lunkers the Ruffian (level 2, -1/23 HPs)
             Began as a Meteoran Shapeshifter on Oct 3, 2023.
             Slain by a gnoll
             ... wielding a +0 flail
              (2 damage)
             ... on level 2 of the Dungeon.
             The game lasted 00:00:52 (301 turns).

lunkers the Ruffian (Meteoran Shapeshifter)          Turns: 301, Time: 00:00:53

Health: -1/23      AC:  2    Str: 15    XL:     2   Next: 23%
Magic:  3/3        EV: 12    Int: 11    God:
Gold:   24         SH:  0    Dex: 13    Spells: 1/1 levels left

rFire   . .          .
                       - Unarmed
rCold   . . .        (no shield)
rNeg    . . .        a - +0 animal skin
rPois   .            (helmet currently unavailable)
rElec   .            (cloak currently unavailable)
rCorr   .            (gloves currently unavailable)
SInv    .            (boots currently unavailable)
Will    .....        (no amulet)
Stlth   +            (no ring)
HPRegen 0.23/turn    (no ring)
MPRegen 0.08/turn

%: no passive effects
@: beast-form, glowing
A: beast (slay +2), sense surroundings 1, otherworldly, glowing, explore regen
a: Begin Untransformation


You were on level 2 of the Dungeon.
You were a hulking beast.
You visited 1 branch of the dungeon, and saw 2 of its levels.

You collected 24 gold pieces.

Inventory:

Armour
 a - a +0 animal skin (worn)
Talismans
 c - a beast talisman (active)
 d - a flux talisman
Scrolls
 f - a scroll of teleportation {unknown}
Potions
 b - a potion of lignification
 e - a potion of heal wounds {unknown}


   Skills:
 - Level 1.1 Fighting
 - Level 2.1 Dodging
 * Level 4.1 Unarmed Combat
 + Level 3.8 Shapeshifting


You had one spell level left.
You didn't know any spells.
Your spell library was empty.

Dungeon Overview and Level Annotations

Branches:
Dungeon (2/15) Zot: 900

Altars:

Annotations:
D:1 1 runed translucent door


Innate Abilities, Weirdness & Mutations

You are a hulking beast.
Your limbs bulge with bestial killing power. (Slay +2)
You passively map a small area around you.
You are easily found by Zot.
You glow in the dark.
You regain HP and MP as you explore.


Message History

An endoplasm is nearby!
The endoplasm hits you.
You hit the endoplasm.
The endoplasm is moderately wounded.
The endoplasm freezes you.
You are frozen.
You barely miss the endoplasm. You punch the endoplasm.
The endoplasm is severely wounded.
An endoplasm is nearby!
You punch the endoplasm!
You kill the endoplasm!
Found a stone staircase leading down.
No target in view!
No target in view!
You now have 24 gold pieces (gained 9).
Found a ring mail.
No target in view!
No target in view!
No target in view!
HP restored.
f - a scroll labelled GAIFIGULOA No target in view!
A gnoll comes into view. It is wielding a +0 flail.
The gnoll shouts!
Found 14 gold pieces.
A bat comes into view.
Found a scroll labelled MUSOTU MATINE.
The bat barely misses you. The gnoll hits you with a +0 flail!
You closely miss the gnoll. The gnoll hits you but does no damage.
The bat misses you.
You barely miss the gnoll. You punch the gnoll.
The gnoll is lightly wounded.
The bat hits you. The gnoll hits you with a +0 flail!
Ouch! That really hurt!
* * * LOW HITPOINT WARNING * * *
Unknown command.
You hit the gnoll.
The gnoll is moderately wounded.
The bat hits you but does no damage. The gnoll hits you with a +0 flail.
You die...

...............# #
..###.....#.#.#.####.
,
............<.........
,
#####......###.#.#####
, ,#......# ..# # , ,
..#......###.#.#
................, *
###........b#.#.
....>...h[.#.#
####.#.#..g.#.#
#.#.#....# *
#.#........,, ,
####....## ,, ....$# ,
,, * ...##? * , #..#
.#


You could see a gnoll and a bat.

Vanquished Creatures
  2 endoplasms
  A giant cockroach (D:1)
  A goblin (D:1)
  A ball python (D:1)
  A frilled lizard (D:1)
  A kobold (D:1)
7 creatures vanquished.

Notes
Turn   | Place    | Note
-------+----------+-------------------------------------------
     0 | D:1      | lunkers the Meteoran Shapeshifter began the quest for the
                  | Orb.
     0 | D:1      | Reached XP level 1. HP: 16/16 MP: 2/2
     1 | D:1      | Found a runed translucent door.
   140 | D:1      | Reached XP level 2. HP: 22/23 MP: 3/3
   165 | D:1      | Reached skill level 4 in Unarmed Combat
   300 | D:2      | HP: 1/23 [gnoll/+0 flail (13)]
   301 | D:2      | Slain by a gnoll

Illustrated notes

Levels and vault maps discovered:
D:1:      dpeg_arrival_caged_fury, layout_basic, chequers_serial_rivers_micro_e
D:2:      layout_basic, chequers_serial_rivers_large_a, eino_curves_03,
          minmay_tetromino_o2, uniq_terence

Skill      XL: |  1  2 |
---------------+-------+-----
Unarmed Combat | 4 |  4.1
Fighting       | |  1.1
Dodging        | |  2.1
Shapeshifting  | |  3.8

Action                     || total
---------------------------++-------
  Melee: Unarmed           ||    22
         Punch             ||     2
 Armour: Animal skin       ||    13
  Dodge: Dodged            ||    15

Table legend: (Time is in decaauts)
 A = Elapsed time spent in this place.
 B = Non-inter-level travel time spent in this place.
 C = Inter-level travel time spent in this place.
 D = Time resting spent in this place.
 E = Time spent auto-exploring this place.
 F = Levels seen in this place.
 G = Mean time per level.
                   A        B        C        D        E       F      G
               +--------+--------+--------+--------+--------+-----+--------+
         Total |    299 |    279 |     20 |      0 |    220 |   2 |  149.5 |
       Dungeon |    299 |    279 |     20 |      0 |    220 |   2 |  149.5 |
               +--------+--------+--------+--------+--------+-----+--------+

Top non-repeatable levels by time:
     D:1: 275 daAuts
     D:2: 23 daAuts
